 Dungeon Crawl Stone Soup version 0.21.1-1-g345015f (webtiles) character file.

35 Dfrag the Firebug (level 3, -13/28 HPs)
             Began as a Naga Fire Elementalist on Feb 11, 2018.
             Shot with an arrow by a centaur (15 damage)
             ... on level 2 of the Dungeon.
             The game lasted 00:01:09 (740 turns).

Dfrag the Firebug (Naga Fire Elementalist)           Turns: 740, Time: 00:01:09

Health: -13/28     AC:  2    Str: 10    XL:     3   Next: 35%
Magic:  6/6        EV: 10    Int: 16    God:
Gold:   60         SH:  0    Dex: 11    Spells: 6/7 levels left

rFire    . . .     SeeInvis +   (no weapon)
rCold    . . .     Gourm    .   (no shield)
rNeg     . . .     Faith    .   a - +0 robe
rPois    +         Spirit   .   (no helmet)
rElec    .         Reflect  .   (no cloak)
rCorr    .         Harm     .   (no gloves)
MR       .....                  (no barding)
Stlth    ++........             (no amulet)
HPRegen  0.09/turn              (no ring)
MPRegen  0.10/turn              (no ring)

@: short of breath, very slow
A: large, see invisible, deformed body, poison resistance, slowness 2, slow
metabolism 1, spit poison 1, AC +1
a: Spit Poison


You were on level 2 of the Dungeon.
You were hungry.

You visited 1 branch of the dungeon, and saw 2 of its levels.

You collected 60 gold pieces.

Inventory:

Armour
 a - a +0 robe (worn)
Jewellery
 e - a +4 ring of slaying {unknown}
 f - a cursed ring of loudness {unknown}
Scrolls
 g - 5 scrolls of identify {unknown}
 h - 3 scrolls of teleportation {unknown}
 i - a scroll of immolation {unknown}
 j - a scroll of enchant weapon {unknown}
Potions
 k - a potion of degeneration {unknown}
 l - a potion of lignification {unknown}
Books
 b - a book of Flames

   Spells                             Type                      Level
   a - Flame Tongue                   Conjuration/Fire             1
   b - Throw Flame                    Conjuration/Fire             2
   c - Conjure Flame                  Conjuration/Fire             3
   d - Inner Flame                    Hexes/Fire                   3
   e - Sticky Flame                   Conjuration/Fire             4
   f - Fireball                       Conjuration/Fire             5
Comestibles
 c - 2 rations


   Skills:
 - Level 1.5 Dodging
 - Level 3.0 Stealth
 + Level 2.5 Spellcasting
 + Level 2.0 Conjurations
 + Level 3.4 Fire Magic


You had 6 spell levels left.
You knew the following spells:

 Your Spells              Type           Power        Failure   Level  Hunger
a - Flame Tongue          Conj/Fire      ##...        6%          1    #......


Dungeon Overview and Level Annotations

Branches:
Dungeon (2/15)

Altars:


Innate Abilities, Weirdness & Mutations

You cannot wear boots.
Your serpentine skin is tough. (AC +1)
You have supernaturally acute eyesight. (SInv)
Armour fits poorly on your strangely shaped body.
Your system is resistant to poisons. (rPois)
You cover ground very slowly.
You have a slow metabolism.
You can spit poison.


Message History

The centaur shoots an arrow.
The arrow hits you.
You see here an arrow.
Press: ? - help, Shift-Dir - straight line, f - centaur
Aim: a centaur, wielding a shortbow The splash of poison hits the centaur.
The centaur is moderately wounded.
You feel slightly more hungry.
The centaur shoots an arrow.
The arrow hits you.
* * * LOW HITPOINT WARNING * * *
The centaur shoots an arrow.
The arrow hits you.
* * * LOW HITPOINT WARNING * * *
Unknown command.
It was a potion of curing.
You feel better.
The centaur shoots an arrow.
The arrow barely misses you.
Unknown command.
Unknown command.
The centaur shoots an arrow.
The arrow hits you!
* * * LOW HITPOINT WARNING * * *
The centaur shoots an arrow.
The arrow hits you!
Ouch! That really hurt!
You die...

#..... #....( #.....
+..... #..... #.....
#### #.....###########
...#+#.........(@..(.#
.......####.########c#
.......# #.# #.#
<......#
#.########.'..g...
.......#
#........###......
.......# ########.#
.....% .......# #.#
..... .......# #.#
.c... .......##### #.#
....


You could see a centaur.

Vanquished Creatures
  2 dart slugs (D:1)
  2 leopard geckos (D:1)
  A giant cockroach (D:1)
  6 goblins (D:1)
  3 hobgoblins (D:1)
  5 bats
  A kobold (D:1)
  8 rats
28 creatures vanquished.

Notes
Turn   | Place    | Note
-------+----------+-------------------------------------------
     0 | D:1      | Dfrag the Naga Fire Elementalist began the quest for the Orb.
     0 | D:1      | Reached XP level 1. HP: 15/15 MP: 3/3
   240 | D:1      | Reached XP level 2. HP: 22/22 MP: 0/5
   453 | D:1      | Reached XP level 3. HP: 22/28 MP: 2/6
   731 | D:2      | Noticed a centaur
   740 | D:2      | Shot with an arrow by a centaur

Skill      XL: |  1  2  3 |
---------------+----------+-----
Conjurations   | 2 |  2.0
Dodging        | |  1.5
Stealth        | |  3.0
Spellcasting   | |  2.5
Fire Magic     | |  3.4

Action                   || total
-------------------------++-------
 Cast: Flame Tongue      ||    29
 Abil: Spit Poison       ||    18
  Use: Potion            ||     1
Armor: Robe              ||     5
Dodge: Dodged            ||    18
